 Dungeon Sprint DCSS version 0.30.1 (webtiles) character file.

Game seed: 16759308017515169146

6874 boopmooplesden the Warrior (level 10, -9/96 HPs)
             Began as a Demonspawn Berserker on July 10, 2023.
             Was a High Priest of Trog.
             Killed from afar by Roxanne (38 damage)
             ... with a crystal spear
             ... in the Dungeon (Sprint II: "The Violet Keep of Menkaure").
             The game lasted 00:05:36 (1874 turns).

boopmooplesden the Warrior (Demonspawn Berserker)   Turns: 1874, Time: 00:05:36

Health: -9/96      AC: 13    Str: 22    XL:     10   Next: 78%
Magic:  10/10      EV: 16    Int:  8    God:    Trog [*****.]
Gold:   823        SH:  0    Dex: 16    Spells: 9/9 levels left

rFire   + . .        k - +4 trident (venom)
rCold   + . .        (no shield)
rNeg    . . .        m - +3 ring mail of Context {Fly Dex+3}
rPois   +            n - +1 helmet
rElec   +            (no cloak)
rCorr   +            l - +0 pair of gloves {hurl}
SInv    +            (boots unavailable)
Will    .....        (no amulet)
Stlth   ++           C - ring of see invisible
HPRegen 0.36/turn    (no ring)
MPRegen 0.24/turn

%: no teleportation
@: resistant, on berserk cooldown, flying, slowed, very slow
A: hooves 3, magic regeneration, weakness stinger 2, demonic touch 1
a: Renounce Religion, Berserk, Trog's Hand, Brothers in Arms


You were in the Dungeon.
You worshipped Trog.
Trog was extremely pleased with you.
You visited 1 branch You collected 1553 gold pieces.
You spent 730 gold pieces at shops.

Inventory:

Hand Weapons
 a - a +0 spear
 i - a +0 trident
 k - a +4 trident of venom (weapon)
Armour
 b - a +0 animal skin
 j - a +0 ring mail
 l - a +0 pair of gloves of hurling (worn)
 m - the +3 ring mail of Context (worn) {Fly Dex+3}
   (You bought it in a shop in the Dungeon)

   Dex:       It affects your dexterity (+3).
   Fly:       It grants you flight.
 n - a +1 helmet (worn)
Jewellery
 C - a ring of see invisible (left hand)
Scrolls
 h - 2 scrolls of blinking
 w - a scroll of fog
 x - a scroll of immolation
Potions
 c - 4 potions of curing
 d - a potion of heal wounds
 e - a potion of haste
 f - 6 potions of magic
 g - a potion of berserk rage
 o - 2 potions of lignification
 p - a potion of invisibility {unknown}
 r - 4 potions of flight
 t - 3 potions of attraction
 u - 3 potions of brilliance
 v - 4 potions of resistance
 z - a potion of mutation


   Skills:
 + Level 15.3 Fighting
 + Level 15.1 Polearms
 + Level 9.1 Armour
 + Level 9.5 Dodging
 + Level 2.7 Stealth


You had 9 spell levels left.
You didn't know any spells.
Your spell library was empty.

Dungeon Overview and Level Annotations

Branches:
Dungeon (1/1)

Altars:
Cheibriados
Dithmenos
Fedhas
Gozag
Hepliaklqana
Kikubaaqudgha
Makhleb
Nemelex Xobeh
Okawaru
Qazlal
Ru
Sif Muna
Trog
Uskayaw
Vehumet
Wu Jian
Xom
Yredelemnul
Jiyva
Lugonu

Shops:
D !?:[*[(!?==[:*:

Annotations:
D exclusions: obsidian statue and oklob plant, Roxanne


Innate Abilities, Weirdness & Mutations

You have hooves in place of feet.
You regenerate magic rapidly.
You have a tail ending in a sharp stinger.
Your touch may inflict minor irresistible damage on your foes.


Message History

Roxanne is lightly damaged.
You puncture Roxanne! You kick Roxanne! You tail-slap Roxanne!
You touch Roxanne!
Roxanne is moderately damaged.
Roxanne casts a spell.
The bolt of magma hits you! You partially resist.
You hit Roxanne.
You touch Roxanne!
Roxanne is heavily damaged.
You puncture Roxanne! You kick Roxanne.
You tail-slap Roxanne, but do no damage.
Roxanne is heavily damaged.
Roxanne mumbles some strange words.
The crystal spear hits you!!
* * * LOW HITPOINT WARNING * * *
You puncture Roxanne! You kick Roxanne, but do no damage.
Roxanne is severely damaged.
You hit Roxanne but do no damage. You kick Roxanne, but do no damage.
Roxanne is severely damaged.
You puncture Roxanne!
You tail-slap Roxanne, but do no damage.
You touch Roxanne.
Roxanne is severely damaged.
You puncture Roxanne! You kick Roxanne, but do no damage.
Roxanne is severely damaged.
You hit Roxanne. You tail-slap Roxanne!
Roxanne is almost destroyed.
Roxanne prays for a Stone to Flesh spell.
You hit Roxanne. You kick Roxanne!
You touch Roxanne!
Roxanne is almost destroyed.
You hit Roxanne but do no damage. You kick Roxanne, but do no damage.
Roxanne is almost destroyed.
You are no longer berserk.
You are exhausted.
You feel yourself slow down.
You hit Roxanne. You kick Roxanne.
You tail-slap Roxanne, but do no damage.
Roxanne is almost destroyed.
Roxanne mumbles some strange words.
The crystal spear hits you!!!
You die...

#+++#+++#~≈≈§≈≈§§~#._._._._#~~
... ##§≈≈###§§#_._._._.#~~ ...
##≈≈#[#§§#._._._..#~~ ..8..
+§≈#'#≈≈#.._._._.#§≈ ..○°○
##§≈≈§§≈≈##########~§
.......###########~~~~~~~~~§≈
##.~.§§§§###~########≈▓
##~§§~§§§§§##~# #▓▓
+~~~~~8@§§§§'~#
##~§§~§§§§§#### ##§§~§§§§##
######### +33 ###


You could see Roxanne and 2 sixfirhies.

Vanquished Creatures
  A kraken (D)
  2 sphinxes (D)
  2 deep trolls (D)
  A merfolk siren (D)
  A yaktaur (D)
  3 polar bears (D)
  A blink frog (D)
  A hornet (D)
  2 wyverns (D)
  5 water moccasins (D)
  4 scorpions (D)
  3 worms (D)
  7 tentacles (D)
33 creatures vanquished.

Vanquished Creatures (others)
  Menkaure (D)
  11 tentacles (D)
12 creatures vanquished.

Grand Total: 45 creatures vanquished

Notes
Turn   | Place    | Note
-------+----------+-------------------------------------------
     0 | D        | boopmooplesden the Demonspawn Berserker began the quest for
                  | the Orb.
     0 | D        | Reached XP level 1. HP: 18/18 MP: 1/1
     1 | D        | Noticed a scorpion
     1 | D        | Noticed a scorpion
     1 | D        | Noticed a scorpion
     1 | D        | Noticed a scorpion
     8 | D        | Killed a scorpion
     9 | D        | Reached skill level 5 in Fighting
     9 | D        | Reached skill level 5 in Polearms
     9 | D        | Discovered your monstrous ancestry.
     9 | D        | Gained mutation: You have large cloven feet. [demonic
                  | ancestry]
     9 | D        | Reached XP level 2. HP: 27/27 MP: 2/2
     9 | D        | Gained mutation: You regenerate magic rapidly. [demonic
                  | ancestry]
     9 | D        | Reached XP level 3. HP: 33/33 MP: 3/3
    15 | D        | Killed a scorpion
    16 | D        | Gained mutation: You have hoof-like feet. [demonic
                  | ancestry]
    16 | D        | Reached XP level 4. HP: 41/41 MP: 4/4
    18 | D        | Killed a scorpion
    18 | D        | Reached ** piety under Trog
    19 | D        | Gained mutation: You have a small tail. [demonic ancestry]
    19 | D        | Reached XP level 5. HP: 48/48 MP: 5/5
    24 | D        | Killed Menkaure
    90 | D        | Noticed an obsidian statue
    95 | D        | Reached *** piety under Trog
   300 | D        | Noticed a wyvern
   300 | D        | Noticed a wyvern
   304 | D        | Killed a wyvern
   305 | D        | Reached skill level 5 in Dodging
   305 | D        | Gained mutation: You have hooves in place of feet. [demonic
                  | ancestry]
   305 | D        | Reached XP level 6. HP: 58/58 MP: 6/6
   308 | D        | Killed a wyvern
   309 | D        | Gained mutation: Your touch may inflict minor irresistible
                  | damage on your foes. [demonic ancestry]
   309 | D        | Reached XP level 7. HP: 48/65 MP: 7/7
   413 | D        | Noticed a merfolk siren
   423 | D        | Killed a merfolk siren
   423 | D        | Reached **** piety under Trog
   424 | D        | Reached skill level 10 in Fighting
   424 | D        | Reached skill level 10 in Polearms
   424 | D        | Reached skill level 5 in Armour
   430 | D        | Found Foemoep's General Store.
   430 | D        | Found Wele's Antique Armour Shop.
   430 | D        | Found Enuisip's Jewellery Boutique.
   430 | D        | Found Luduafen's Magic Scroll Shop.
   431 | D        | Found Gashangess's Book Shop.
   431 | D        | Found Qipsanulum's Jewellery Shop.
   431 | D        | Found Yddid's Distillery.
   432 | D        | Found Rofap's Book Boutique.
   432 | D        | Found Gongeyheech's Antique Weapon Shop.
   432 | D        | Found Plog's Antique Armour Boutique.
   436 | D        | Noticed a blink frog
   445 | D        | Killed a blink frog
   446 | D        | Gained mutation: You have a tail ending in a sharp stinger.
                  | [demonic ancestry]
   446 | D        | Reached XP level 8. HP: 56/75 MP: 8/8
   481 | D        | Reached skill level 1 in Stealth
   612 | D        | Found Plog's Assorted Antiques.
   612 | D        | Found Tajuecodd's Antique Armour Boutique.
   612 | D        | Noticed a great orb of eyes
   612 | D        | Noticed an oklob plant
   613 | D        | Found Koamivezxe's Magic Scroll Shop.
   613 | D        | Found Niaj Lav's Distillery.
   613 | D        | Found Macon's Book Shoppe.
   614 | D        | Noticed a cane toad
   615 | D        | Noticed a cane toad
   625 | D        | Bought a runed trident for 149 gold pieces
   631 | D        | Bought a pair of runed gloves for 217 gold pieces
   631 | D        | Bought a steaming ring mail for 261 gold pieces
   631 | D        | Identified the +3 ring mail of Context {Fly Dex+3} (You
                  | bought it in a shop in the Dungeon)
   655 | D        | Bought a helmet for 103 gold pieces
   682 | D        | Found a snail-covered altar of Cheibriados.
   682 | D        | Found a hazy altar of Hepliaklqana.
   683 | D        | Found a shadowy altar of Dithmenos.
   683 | D        | Found a viscous altar of Jiyva.
   683 | D        | Found a stormy altar of Qazlal.
   689 | D        | Identified Roxanne's Tome of Grit
   689 | D        | Noticed Roxanne
   696 | D        | Found a sacrificial altar of Ru.
   696 | D        | Found an ancient bone altar of Kikubaaqudgha.
   697 | D        | Found an ornate altar of the Wu Jian Council.
   697 | D        | Found a shimmering blue altar of Sif Muna.
   697 | D        | Found a corrupted altar of Lugonu.
   697 | D        | Found a blossoming altar of Fedhas.
   702 | D        | Noticed a polar bear
   704 | D        | Found an opulent altar of Gozag.
   704 | D        | Found a burning altar of Makhleb.
   704 | D        | Found a bloodstained altar of Trog.
   704 | D        | Found a shimmering altar of Xom.
   710 | D        | Killed a polar bear
   711 | D        | Found a sparkling altar of Nemelex Xobeh.
   711 | D        | Found a hide-covered altar of Uskayaw.
   712 | D        | Found an iron altar of Okawaru.
   712 | D        | Found a radiant altar of Vehumet.
   713 | D        | Noticed a yaktaur
   713 | D        | Noticed a hornet
   714 | D        | Noticed a polar bear
   714 | D        | Noticed a polar bear
   717 | D        | Killed a polar bear
   717 | D        | Reached ***** piety under Trog
   720 | D        | Killed a hornet
   722 | D        | Killed a polar bear
   723 | D        | Reached XP level 9. HP: 54/84 MP: 9/9
   726 | D        | Killed a yaktaur
   891 | D        | Found a basalt altar of Yredelemnul.
   897 | D        | Noticed a kraken
  1412 | D        | Killed a kraken
  1620 | D        | Noticed a deep troll
  1620 | D        | Noticed a deep troll
  1626 | D        | Killed a deep troll
  1627 | D        | Reached XP level 10. HP: 95/95 MP: 10/10
  1631 | D        | Killed a deep troll
  1755 | D        | Noticed a sphinx
  1755 | D        | Noticed a sphinx
  1764 | D        | Killed a sphinx
  1764 | D        | Received a gift from Trog
  1765 | D        | Reached skill level 15 in Fighting
  1769 | D        | Killed a sphinx
  1770 | D        | Reached skill level 15 in Polearms
  1855 | D        | Noticed a sixfirhy
  1858 | D        | Noticed a sixfirhy
  1874 | D        | Killed from afar by Roxanne

Illustrated notes

Levels and vault maps discovered:
D:        the_violet_keep_of_menkaure [sprint2_stairs_cluster_1,
          sprint2_shoproom, sprint2_temple, sprint2_basic_supplies,
          sprint2_obstacle_3, sprint2_obstacle_6, sprint2_obstacle_1,
          sprint2_obstacle_4, sprint2_obstacle_2, sprint2_timed_cluster_1,
          sprint2_smallroom_cluster_1, sprint2_smallroom_final_cluster_1,
          sprint2_transparent_cluster_1, sprint2_second_timed_cluster_1,
          sprint2_sniper_area_1, sprint2_heavy_combat_area_1,
          sprint2_mutation_trap_area_1, sprint2_forest_area_1,
          sprint2_light_combat_area_1, sprint2_behind_water_1,
          sprint2_near_end_vault_1]

Skill      XL: |  1  2  3  4  5  6  7  8  9 10 |
---------------+-------------------------------+-----
Fighting       | 5 6 7 9 11 12 14 15 | 15.3
Polearms       | 5 6 8 9 10 12 13 15 | 15.1
Armour         | 2 3 4 5 6 7 9 |  9.1
Dodging        | 2 3 5 6 7 8 9 |  9.5
Stealth        | 1 2 |  2.7

Action                     |  1- 3 |  4- 6 |  7- 9 | 10-12 || total
---------------------------+-------+-------+-------+-------++-------
  Melee: Spear             |    11 |    23 |    27 |       ||    61
         Kick              |     1 |    12 |    33 |    16 ||    62
         Tailslap          |       |     4 |    18 |    13 ||    35
         Touch             |       |       |    23 |    10 ||    33
         Trident           |       |       |    66 |    29 ||    95
 Invoke: Berserk           |     1 |     1 |     3 |     2 ||     7
    Use: Scroll            |       |       |    13 |       ||    13
         Potion            |       |       |       |     1 ||     1
 Armour: Animal skin       |     1 |       |       |       ||     1
         Ring mail         |       |       |    18 |     9 ||    27
  Dodge: Dodged            |     9 |     8 |    35 |     8 ||    60
